Map: Deathaura LE

Players

Astrea - Winner!

  • Race: Protoss Protoss
  • League: Master
  • Spawn Location: 11:00

Stats

  • Race: Protoss Protoss
  • Spawn Location: 5:00

Event: DreamHack SC2 Masters 2020 Winter

VOD

Have the link to the VOD?

Description

Time

  • Played on: Nov. 14, 2020, 10:49 a.m.
  • Length: 4:45

All games in this series

Show
View Real Time Build Order
Export as new Build Order

Astrea Protoss - Winner!

Build Orders:  

Get SALT Encoding   

  12  0:00  Probe  
  13  0:12  Probe  
  14  0:24  Probe  
  15  0:35  Pylon  
  15  0:53  Gateway  
  15  0:54  Gateway  
  15  0:57  Forge  
  15  1:01  Probe  
  16  1:18  Pylon  
  16  1:38  Photon Cannon  
  16  1:39  Photon Cannon  
  16  1:42  Zealot (Chrono Boost)  
  16  1:43  Zealot (Chrono Boost)  
  20  2:00  Zealot (Chrono Boost)  
  20  2:07  Zealot (Chrono Boost)  
  24  2:29  Photon Cannon x2  
  24  2:30  Zealot (Chrono Boost)  
  24  2:33  Zealot (Chrono Boost)  
  26  2:39  Photon Cannon  
  23  2:53  Zealot  
  25  3:02  Zealot  
  25  3:21  Zealot  
  27  3:29  Zealot  
  27  3:31  Photon Cannon x2  
  27  3:33  Pylon  
  29  3:35  Photon Cannon  
  29  3:44  Photon Cannon  
  27  3:56  Photon Cannon  
  27  3:57  Photon Cannon  
  23  4:05  Zealot (Chrono Boost)  
  23  4:15  Photon Cannon  
  19  4:22  Zealot (Chrono Boost)  
Show
View Real Time Build Order
Export as new Build Order

Stats Protoss 

Build Orders:  

Get SALT Encoding   

  12  0:00  Probe  
  13  0:12  Probe  
  14  0:17  Pylon  
  14  0:24  Probe (Chrono Boost)  
  15  0:36  Probe (Chrono Boost)  
  15  0:37  Gateway  
  16  0:44  Probe (Chrono Boost)  
  16  0:46  Assimilator  
  17  0:51  Probe  
  17  0:54  Assimilator  
  18  1:03  Probe (Chrono Boost)  
  19  1:14  Probe (Chrono Boost)  
  19  1:15  Gateway  
  20  1:19  Probe (Chrono Boost)  
  21  1:27  Zealot  
  21  1:29  Pylon  
  21  1:30  Forge  
  23  1:39  Cybernetics Core  
  23  2:03  Photon Cannon  
  23  2:05  Photon Cannon  
  23  2:09  Pylon  
  23  2:18  Robotics Facility  
  23  2:31  Gateway  
  23  2:40  Shield Battery  
  23  2:43  Shield Battery  
  22  3:02  Immortal (Chrono Boost)  
  16  3:13  Probe  
  16  3:53  Immortal  
Tags
 
Add a new tag
Caveats
  • Supply blocks, unpowered buildings, or Contaminate may cause inaccurate times.
  • Supply counts are checked every 10 seconds.